[Event "Titled Tuesday Blitz June 20 Late 2023"]
[White "Arabidze, Meri"]
[Black "Bluebaum, Matthias"]
[WhiteFideId "13604040"]
[BlackFideId "24651516"]
[WhiteElo "2405"]
[BlackElo "2639"]
[Result "1-0"]
[Round "2"]
[TimeControl "180+2"]
[Date "2023.06.20"]
[WhiteClock "0:01:02"]
[BlackClock "0:00:38"]
[Board "8"]

1. Nf3 d5 2. b3 e6 3. Bb2 Nf6 4. e3 Bd6 5. c4 O-O 6. Be2 c5 7. cxd5 exd5 8. d4 Nc6 9. O-O cxd4 10. Nxd4 Bc7 11. Nd2 Nxd4 12. Bxd4 Qd6 13. Nf3 Ng4 14. g3 Bf5 15. Nh4 Nxh2 16. Nxf5 Qd7 17. Nh6+ gxh6 18. Kxh2 f6 19. Bg4 f5 20. Bf3 Rad8 21. Kg2 Rfe8 22. Rh1 Re6 23. Rh5 Rg6 24. Qh1 Qd6 25. Qh3 Rf8 26. Rxf5 Rxf5 27. Qxf5 Rg5 28. Qc8+ Kf7 29. Qh3 Kg6 30. Rh1 Kf7 31. Rc1 b6 32. Kf1 Ke8 33. Qc8+ Bd8 34. Qc6+ Qxc6 35. Rxc6 h5 36. Rh6 h4 37. gxh4 Rf5 38. Ke2 Be7 39. Rxh7 b5 40. h5 b4 41. h6 a5 42. Rxe7+ Kxe7 43. h7 Rf8 44. h8=Q Rxh8 45. Bxh8 a4 46. bxa4 b3 47. axb3 d4 48. Bxd4 Ke6 49. a5 Kd6 50. a6 Ke7 51. a7 Ke6 52. a8=Q Kd6 53. Qd5+ Ke7 54. Qc6 Kf8 55. Qb7 Ke8 56. Bh5+ Kf8 57. Qg7# 1-0


[Site "https://www.chess.com"]

[Event "Titled Tuesday Blitz June 20 Late 2023"]
[White "Ashraf, Artin"]
[Black "Yoo, Christopher Woojin"]
[WhiteFideId "22514805"]
[BlackFideId "30909694"]
[WhiteElo "2224"]
[BlackElo "2528"]
[Result "0-1"]
[Round "2"]
[TimeControl "180+2"]
[Date "2023.06.20"]
[WhiteClock "0:00:00"]
[BlackClock "0:00:03"]
[Board "9"]

1. Nf3 d5 2. e3 Nf6 3. c4 e6 4. Nc3 Nbd7 5. b3 c6 6. Bb2 e5 7. d4 e4 8. Nd2 Bd6 9. Be2 O-O 10. g4 b6 11. g5 Ne8 12. cxd5 cxd5 13. Nxd5 Qxg5 14. Nc3 f5 15. Qc2 Qh4 16. Nb5 Be7 17. Qc6 Rb8 18. Nxa7 Nef6 19. Qe6+ Kh8 20. Qxe7 Bb7 21. Qd6 Rbd8 22. Qg3 Qh6 23. Nb5 Nd5 24. O-O-O f4 25. exf4 Nxf4 26. Bc4 e3 27. fxe3 Bxh1 28. Rxh1 Nh5 29. Qd6 Qg5 30. Kb1 Qxe3 31. Bc1 Qe8 32. Qe6 Ndf6 33. Qxe8 Rfxe8 34. Nc7 Re7 0-1


[Site "https://www.chess.com"]

[Event "Titled Tuesday Blitz June 20 Late 2023"]
[White "Andreikin, Dmitry"]
[Black "Lopez Mulet, Inigo"]
[WhiteFideId "4158814"]
[BlackFideId "22235620"]
[WhiteElo "2736"]
[BlackElo "2302"]
[Result "1-0"]
[Round "2"]
[TimeControl "180+2"]
[Date "2023.06.20"]
[WhiteClock "0:00:31"]
[BlackClock "0:00:08"]
[Board "10"]

1. e4 g6 2. d4 Bg7 3. Nf3 d6 4. Bc4 c6 5. Bb3 a5 6. c3 Nf6 7. Nbd2 O-O 8. O-O Nbd7 9. e5 Nd5 10. exd6 exd6 11. Ne4 N7f6 12. Bg5 Bf5 13. Ng3 Be6 14. Re1 h6 15. Bd2 b5 16. Bc2 a4 17. Bxg6 fxg6 18. Rxe6 a3 19. b3 Qd7 20. Re2 Rae8 21. Rxe8 Rxe8 22. Qc1 Qa7 23. Bxh6 Nxc3 24. Bxg7 Nfe4 25. Qc2 Qxg7 26. Re1 d5 27. Nxe4 Nxe4 28. Qxc6 Qf7 29. h4 Re7 30. Qxb5 Kg7 31. Qa5 Ra7 32. Qb4 Rc7 33. Qxa3 Rc2 34. Qb4 Rxf2 35. Rxe4 dxe4 36. Kxf2 exf3 37. gxf3 Qf4 38. Qe7+ Kg8 39. Qe6+ Kh7 40. Qe7+ Kg8 41. Qe4 Qh2+ 42. Ke3 Qg1+ 43. Kd3 Qb1+ 44. Kc4 Qc1+ 45. Kb5 Qf1+ 46. Kb6 Kh7 47. h5 Qd1 48. hxg6+ Kh6 49. d5 Qg1+ 50. Kc6 Qa7 51. d6 Qa8+ 52. Kd7 Qa7+ 53. Ke6 Qb6 54. Ke7 Qc5 55. b4 Qg5+ 56. Ke6 Qd8 57. d7 Qg8+ 58. Kd6 Qb8+ 59. Ke7 Qc7 60. a4 Qa7 61. a5 Qc7 62. a6 Qa7 63. Ke8 Qb8+ 64. d8=Q Qb5+ 65. Ke7 Qg5+ 66. Kd7 Qb5+ 67. Kc7 Qxa6 68. Qh8+ Kg5 69. Qhh4# 1-0


[Site "https://www.chess.com"]

[Event "Titled Tuesday Blitz June 20 Late 2023"]
[White "Domingo Nunez, Alejandro"]
[Black "Van Foreest, Jorden"]
[WhiteFideId "22245561"]
[BlackFideId "1039784"]
[WhiteElo "2291"]
[BlackElo "2633"]
[Result "0-1"]
[Round "2"]
[TimeControl "180+2"]
[Date "2023.06.20"]
[WhiteClock "0:00:01"]
[BlackClock "0:00:25"]
[Board "11"]

1. Nf3 d5 2. g3 Nc6 3. d4 Bg4 4. Bg2 Qd7 5. O-O Bh3 6. c4 Bxg2 7. Kxg2 e6 8. cxd5 exd5 9. Nc3 Bb4 10. Qb3 Nge7 11. Bf4 O-O 12. Rac1 a6 13. Na4 Ng6 14. Bxc7 Rae8 15. e3 b5 16. Nb6 Qxc7 17. Nxd5 Qd6 18. Rxc6 Qxc6 19. Nxb4 Qe4 20. Qd5 Qxd5 21. Nxd5 Rc8 22. Nb4 a5 23. Nd3 Rc2 24. Rd1 f5 25. Nfe1 Rc7 26. Nc5 Rfc8 27. Ned3 Kf7 28. a4 bxa4 29. Ra1 Ra8 30. Rxa4 Raa7 31. Ra3 Nf8 32. Ne5+ Kf6 33. Rb3 g6 34. Rb6+ Kg7 35. h4 a4 36. h5 gxh5 37. Kh3 a3 38. bxa3 Rxa3 39. Kh4 Ra2 40. Ned3 Nd7 41. Kxh5 Nxb6 42. Ne6+ Kf6 43. Nxc7 Rd2 44. Nf4 Rxf2 45. Kh4 Rh2+ 46. Nh3 h5 47. d5 Nd7 48. Nb5 Ne5 49. Nd4 Ng6+ 50. Kxh5 Rxh3# 0-1


[Site "https://www.chess.com"]

[Event "Titled Tuesday Blitz June 20 Late 2023"]
[White "Le, Tuan Minh"]
[Black "Seemann, Jakub"]
[WhiteFideId "12401153"]
[BlackFideId "21874697"]
[WhiteElo "2566"]
[BlackElo "2364"]
[Result "1-0"]
[Round "2"]
[TimeControl "180+2"]
[Date "2023.06.20"]
[WhiteClock "0:01:35"]
[BlackClock "0:00:00"]
[Board "12"]

1. d4 Nf6 2. Nf3 g6 3. Bg5 Bg7 4. Nbd2 O-O 5. c3 d5 6. e3 c5 7. Bd3 Nc6 8. O-O cxd4 9. exd4 Bf5 10. Bc2 Bxc2 11. Qxc2 Rc8 12. Rfe1 e6 13. h3 b5 14. a3 Qb6 15. Qd3 Ne8 16. Nb3 Nd6 17. Nc5 Qc7 18. b4 Nc4 19. a4 bxa4 20. Nxa4 Qb8 21. Nc5 Qb5 22. h4 Nd6 23. Qe3 a5 24. bxa5 Nxa5 25. Reb1 Nac4 26. Qf4 Qe8 27. Bf6 Nf5 28. Bxg7 Kxg7 29. h5 gxh5 30. Qg5+ Kh8 31. Qf6+ Ng7 32. Ra7 Qd8 33. Qh6 Ra8 34. Rxa8 Qxa8 35. Ng5 1-0


[Site "https://www.chess.com"]

[Event "Titled Tuesday Blitz June 20 Late 2023"]
[White "Mortazavi, Ali"]
[Black "Sviridov, Valery"]
[WhiteFideId "401323"]
[BlackFideId "4120680"]
[WhiteElo "2339"]
[BlackElo "2457"]
[Result "0-1"]
[Round "2"]
[TimeControl "180+2"]
[Date "2023.06.20"]
[WhiteClock "0:00:54"]
[BlackClock "0:01:39"]
[Board "13"]

1. Nf3 g6 2. e4 Bg7 3. d4 d6 4. Nc3 a6 5. Be3 b5 6. a4 b4 7. Ne2 Bb7 8. Ng3 Nf6 9. Bd3 Nbd7 10. h3 c5 11. c3 O-O 12. O-O a5 13. Qd2 e5 14. d5 Ba6 15. c4 Bc8 16. Nh2 h5 17. Bh6 h4 18. Ne2 Nh5 19. Ng4 Ndf6 20. Bxg7 Kxg7 21. Qh6+ Kg8 22. Nxf6+ Qxf6 23. f4 exf4 24. Kh1 Qxb2 25. Qg5 Qf6 26. Qxf6 Nxf6 27. Rxf4 Nd7 28. Rxh4 Ne5 29. Rd1 Ba6 30. Bb1 Bxc4 31. Ng3 Bb3 32. Rf1 Bxa4 33. Nf5 gxf5 34. exf5 f6 35. g4 Bb3 36. Rg1 Bxd5+ 37. Kh2 Nf3+ 38. Kg3 Nxg1 0-1


[Site "https://www.chess.com"]

[Event "Titled Tuesday Blitz June 20 Late 2023"]
[White "Terry, Renato"]
[Black "ATM622"]
[WhiteFideId "3803457"]
[WhiteElo "2575"]
[BlackElo "2634"]
[Result "1-0"]
[Round "2"]
[TimeControl "180+2"]
[Date "2023.06.20"]
[WhiteClock "0:00:33"]
[BlackClock "0:01:27"]
[Board "14"]

1. d4 Nf6 2. Nf3 e6 3. c4 d5 4. Nc3 Be7 5. Bf4 O-O 6. e3 c5 7. dxc5 Bxc5 8. a3 Nc6 9. b4 Bd6 10. Bg5 Be7 11. Qc2 dxc4 12. Bxc4 Qc7 13. Nb5 Qb6 14. Bf4 a6 15. Bc7 Nxb4 16. axb4 Bxb4+ 17. Ke2 Qc6 18. Bd3 Qxc2+ 19. Bxc2 Bd7 20. Nbd4 Rac8 21. Bg3 Nd5 22. Rhc1 f6 23. Bb3 Nc3+ 24. Kf1 Kf7 25. Ne1 Ke7 26. Nd3 Bd6 27. Bxd6+ Kxd6 28. Ke1 e5 29. Ne2 Nxe2 30. Kxe2 Bb5 31. Kd2 e4 32. Nf4 f5 33. h4 Rfd8 34. Ne6 Rg8 35. Nd4 Bd7 36. Bxg8 1-0


[Site "https://www.chess.com"]

[Event "Titled Tuesday Blitz June 20 Late 2023"]
[White "Koellner, Ruben Gideon"]
[Black "Hakobyan, Aram"]
[WhiteFideId "12993093"]
[BlackFideId "13306677"]
[WhiteElo "2314"]
[BlackElo "2584"]
[Result "0-1"]
[Round "2"]
[TimeControl "180+2"]
[Date "2023.06.20"]
[WhiteClock "0:00:25"]
[BlackClock "0:00:22"]
[Board "15"]

1. d4 Nf6 2. Nf3 e6 3. Nbd2 d5 4. e3 Be7 5. Bd3 O-O 6. O-O b6 7. Ne5 Bb7 8. f4 c5 9. Qf3 Ba6 10. Bxa6 Nxa6 11. c3 Qc7 12. g4 Nb8 13. g5 Nfd7 14. Qh5 g6 15. Qh6 Nxe5 16. fxe5 Qd8 17. Nf3 Re8 18. Bd2 Nc6 19. Rf2 Bf8 20. Qh4 Ne7 21. Qf4 Nf5 22. h4 cxd4 23. exd4 h5 24. gxh6 Bxh6 25. Ng5 Bxg5 26. hxg5 Kg7 27. Rh2 Rh8 28. Kg2 Rxh2+ 29. Qxh2 Qh8 30. Rh1 Qxh2+ 31. Rxh2 b5 32. a3 a5 33. Kf2 Ne7 34. Ke2 Nc6 35. Kd3 Rb8 36. Rh1 Rg8 37. b3 Rb8 38. Rh2 a4 39. b4 Ne7 40. Rh1 Rg8 41. Rh2 Nc8 42. Bc1 Ne7 43. Rh1 Nf5 44. Bd2 Ng3 45. Rh3 Ne4 46. Kc2 Rc8 47. Rh2 Ng3 48. Rh3 Nf5 49. Kd3 Rc7 50. Rh1 Ra7 51. Rh3 Ra8 52. Bf4 Rg8 53. Bd2 Kf8 54. Be1 Ng7 55. Bd2 Nh5 56. Be3 Ke7 57. Bd2 Rc8 58. Be3 Rh8 59. Kc2 Rh7 60. Bd2 Kd7 61. Be3 Rg7 62. Bd2 Rg8 63. Be3 Rc8 64. Bd2 Ke7 65. Be3 Rc7 66. Bd2 Ng7 67. Rh8 Rb7 68. Kd3 Nf5 69. Bc1 Ng3 70. Bd2 Ne4 71. Rc8 Kd7 72. Rf8 Kc6 73. Rh8 Rc7 74. Rh3 Nf2+ 75. Ke2 Nxh3 76. Be1 Rc8 77. Kf3 Rh8 78. Kg4 Rh5 79. Bd2 Nf2+ 80. Kf3 Ne4 81. Be3 Rh3+ 82. Kg4 Rxe3 83. Kf4 Rxc3 84. Kg4 Rxa3 85. Kf4 Rc3 86. Kg4 a3 87. Kf4 a2 88. Kg4 a1=Q 89. Kf4 Qf1+ 90. Kg4 Qf5+ 91. Kh4 Qxg5# 0-1


[Site "https://www.chess.com"]

[Event "Titled Tuesday Blitz June 20 Late 2023"]
[White "Megalios, Konstantinos"]
[Black "Bortnyk, Mykola"]
[WhiteFideId "4238044"]
[BlackFideId "14120836"]
[WhiteElo "2277"]
[BlackElo "2592"]
[Result "0-1"]
[Round "2"]
[TimeControl "180+2"]
[Date "2023.06.20"]
[WhiteClock "0:00:09"]
[BlackClock "0:01:57"]
[Board "16"]

1. d4 f5 2. Bg5 Nf6 3. Bxf6 exf6 4. e3 d5 5. c4 c6 6. Nc3 Bb4 7. Qb3 a5 8. c5 f4 9. a3 Bxc3+ 10. Qxc3 fxe3 11. Qxe3+ Kf7 12. O-O-O b6 13. cxb6 Qxb6 14. Re1 Ra7 15. Bd3 Rb7 16. Qd2 c5 17. Ne2 Nc6 18. dxc5 Qxc5+ 19. Qc3 Qd6 20. Kb1 Ne5 21. Rc1 Bd7 22. Nf4 Rhb8 23. Rc2 g5 24. Ne2 Rb3 25. Qxa5 Nxd3 0-1


[Site "https://www.chess.com"]

[Event "Titled Tuesday Blitz June 20 Late 2023"]
[White "Rasulov, Vugar"]
[Black "Manukyan, Sargis A."]
[WhiteFideId "13402390"]
[BlackFideId "13303970"]
[WhiteElo "2509"]
[BlackElo "2187"]
[Result "1-0"]
[Round "2"]
[TimeControl "180+2"]
[Date "2023.06.20"]
[WhiteClock "0:01:38"]
[BlackClock "0:00:10"]
[Board "17"]

1. d4 d5 2. Nf3 Nf6 3. c4 e5 4. Nxe5 dxc4 5. Nxc4 c5 6. e3 cxd4 7. exd4 Bb4+ 8. Nc3 O-O 9. a3 Re8+ 10. Be2 Bxc3+ 11. bxc3 Nd5 12. Bd2 Bg4 13. Ne3 Bxe2 14. Qxe2 Nf4 15. Qf3 Nd3+ 16. Ke2 Nc6 17. Rhb1 Qd6 18. Qf5 Nf4+ 19. Kf1 g6 20. Nc4 Qe7 21. Qxf4 Qe2+ 22. Kg1 Qxc4 23. Rxb7 Na5 24. Rc7 Qe6 25. h4 Nb3 26. Re1 Qd5 27. Rxe8+ Rxe8 28. Be3 a6 29. c4 Qe6 30. d5 Qe5 31. Qxf7+ 1-0


[Site "https://www.chess.com"]

[Event "Titled Tuesday Blitz June 20 Late 2023"]
[White "Lewtak, Damian"]
[Black "Anton Guijarro, David"]
[WhiteFideId "1141724"]
[BlackFideId "2285525"]
[WhiteElo "2302"]
[BlackElo "2618"]
[Result "1/2-1/2"]
[Round "2"]
[TimeControl "180+2"]
[Date "2023.06.20"]
[WhiteClock "0:00:21"]
[BlackClock "0:00:12"]
[Board "18"]

1. e4 c6 2. Nf3 d5 3. d3 Qc7 4. c4 dxe4 5. dxe4 e5 6. Bd3 Bc5 7. O-O Nf6 8. Nbd2 O-O 9. Nb3 Be7 10. h3 Rd8 11. Qc2 a5 12. a4 Na6 13. Qe2 Nd7 14. Be3 Ndc5 15. Nxc5 Nxc5 16. Bc2 Be6 17. Rad1 h6 18. b3 Na6 19. Rxd8+ Rxd8 20. Rd1 Re8 21. Ne1 Bc5 22. Bc1 f6 23. Kh1 Rd8 24. Rxd8+ Qxd8 25. Nd3 Bd4 26. f4 exf4 27. Nxf4 Bf7 28. e5 Bxe5 29. Qe4 Kf8 30. Qf5 Nc5 31. Ba3 b6 32. Ne6+ Bxe6 33. Qxe6 Qd2 34. Bxc5+ bxc5 35. Qc8+ Ke7 36. Qb7+ Qd7 37. Qxd7+ Kxd7 38. g4 Kd6 39. Be4 Bb2 40. Kg2 Ke5 41. Bxc6 Kd4 42. Kf3 Kc3 43. Bb5 Kxb3 44. h4 g6 45. h5 gxh5 46. gxh5 Kc3 47. Ba6 Kd4 48. Bb5 Ke5 49. Be8 f5 50. Bd7 Bc1 51. Be8 Bg5 52. Bd7 f4 53. Be8 Kd4 54. Bb5 Kd3 55. Ba6 Kc3 56. Bb5 Kb4 57. Ke4 Kb3 58. Kf3 Kb4 59. Ke4 Kb3 60. Kf3 Kb4 1/2-1/2


[Site "https://www.chess.com"]

[Event "Titled Tuesday Blitz June 20 Late 2023"]
[White "Indjic, Aleksandar"]
[Black "Bernabeu Lopez, Carlos Javier"]
[WhiteFideId "911925"]
[BlackFideId "2235366"]
[WhiteElo "2614"]
[BlackElo "2344"]
[Result "1/2-1/2"]
[Round "2"]
[TimeControl "180+2"]
[Date "2023.06.20"]
[WhiteClock "0:00:22"]
[BlackClock "0:01:07"]
[Board "19"]

1. d4 Nf6 2. c4 g6 3. h4 Bg7 4. Nc3 d6 5. e4 O-O 6. Be2 h5 7. Nh3 c5 8. d5 Bxh3 9. Rxh3 Qd7 10. Bg5 e6 11. dxe6 Qxe6 12. Re3 Nc6 13. Nd5 Rab8 14. Kf1 Nd4 15. Kg1 Nxd5 16. cxd5 Qd7 17. a4 a6 18. a5 b5 19. axb6 Rxb6 20. Ra2 Rfb8 21. Bxa6 Rxb2 22. Rxb2 Rxb2 23. Bf1 Qb7 24. Re1 Nc2 25. Re2 Nd4 26. Rxb2 Qxb2 27. Bf4 Qb6 28. Qd3 Qd8 29. g3 Qe7 30. Kg2 Be5 31. Be3 Bg7 32. Qb1 Kh7 33. Bc4 Bh6 34. Bxd4 cxd4 35. Bd3 Bg7 36. f4 Qd7 37. Qd1 Qc7 38. Qe2 Kg8 39. e5 dxe5 40. f5 Qd6 41. Qf3 Qf6 42. fxg6 fxg6 43. Qxf6 Bxf6 44. Bxg6 Kg7 45. Bxh5 e4 46. Bg4 Kg6 47. Bd7 d3 48. Bb5 d2 49. Be2 Kf5 50. g4+ Ke5 51. g5 Bh8 52. Kg3 Kxd5 53. Kf4 Ke6 54. Kxe4 Bc3 55. Kf4 Kf7 56. Kf5 Bd4 57. h5 Be3 58. h6 Bxg5 59. Kxg5 Kg8 60. Bd1 Kh8 61. Bb3 d1=Q 62. Bxd1 Kh7 63. Bc2+ Kh8 64. Kg6 Kg8 65. h7+ Kh8 66. Kh6 1/2-1/2


[Site "https://www.chess.com"]

[Event "Titled Tuesday Blitz June 20 Late 2023"]
[White "Principe, Gerson"]
[Black "Mikaelyan, Arman"]
[WhiteFideId "3804550"]
[BlackFideId "13304852"]
[WhiteElo "2229"]
[BlackElo "2456"]
[Result "0-1"]
[Round "2"]
[TimeControl "180+2"]
[Date "2023.06.20"]
[WhiteClock "0:00:07"]
[BlackClock "0:00:30"]
[Board "20"]

1. Nf3 g6 2. d4 Bg7 3. e3 d5 4. Be2 Nf6 5. O-O O-O 6. b3 b6 7. Bb2 Bb7 8. c4 e6 9. Nc3 Nbd7 10. a4 c5 11. a5 cxd4 12. a6 dxc3 13. axb7 Rb8 14. Bxc3 Rxb7 15. Ra2 Nc5 16. b4 Nce4 17. Bd4 dxc4 18. Bxc4 Rc7 19. Be2 Nd5 20. Bxg7 Kxg7 21. Qa1+ Qf6 22. Rxa7 Qxa1 23. Rfxa1 Rxa7 24. Rxa7 Nxb4 25. Ra4 Nc3 26. Rxb4 Nxe2+ 27. Kf1 Nc3 28. Rxb6 Rd8 29. g3 Ra8 30. Rb2 Ra1+ 31. Kg2 Kf6 32. h3 g5 33. Rc2 Nd5 34. Nd2 h6 35. Nf3 Ra3 36. Re2 Rb3 37. Nd4 Rd3 38. Nf3 Ke7 39. Ne1 Ra3 40. Nf3 Nc3 41. Rc2 Ne4 42. Re2 Ra1 43. Nd4 Kd6 44. f3 Nc5 45. Rd2 Ke7 46. Ne2 Nb3 47. Rc2 Rb1 48. g4 Na5 49. Ng3 Nb7 50. f4 Nd6 51. Rf2 Rb3 52. Re2 Nc4 53. Kf2 Nb2 54. Nf1 Nd1+ 55. Kg2 Nc3 56. Rd2 Nd5 57. fxg5 hxg5 58. Re2 Kf6 59. Nh2 Nxe3+ 60. Kg1 Nd5 61. Kg2 Nf4+ 0-1


[Site "https://www.chess.com"]

[Event "Titled Tuesday Blitz June 20 Late 2023"]
[White "Xiong, Jeffery"]
[Black "Schnaider, Ilan"]
[WhiteFideId "2047640"]
[BlackFideId "169013"]
[WhiteElo "2726"]
[BlackElo "2224"]
[Result "1-0"]
[Round "2"]
[TimeControl "180+2"]
[Date "2023.06.20"]
[WhiteClock "0:02:39"]
[BlackClock "0:00:01"]
[Board "21"]

1. e4 c5 2. Nf3 d6 3. Nc3 Nf6 4. d4 cxd4 5. Qxd4 Nc6 6. Qd3 g6 7. Nd5 Bg7 8. c3 O-O 9. Bg5 Nxd5 10. exd5 Bf5 11. Qd2 Ne5 12. Nxe5 Bxe5 13. Be2 Re8 14. O-O Qb6 15. Rfe1 Rac8 16. a4 a6 17. a5 Qc7 18. Be3 Qd7 19. Bd1 Rc4 20. Bb3 Re4 21. f3 Rh4 22. g3 Rh3 23. Ba4 Qc8 24. Bxe8 Qxe8 25. Bd4 f6 26. f4 Bxd4+ 27. Qxd4 Qb5 28. b4 Qd7 29. Re3 g5 30. Rae1 gxf4 31. Qxf4 e5 32. dxe6 Qb5 33. e7 Bg6 34. e8=Q+ Bxe8 35. Rxe8+ 1-0


[Site "https://www.chess.com"]

[Event "Titled Tuesday Blitz June 20 Late 2023"]
[White "Rostomyan, Mikayel"]
[Black "Durarbayli, Vasif"]
[WhiteFideId "13313754"]
[BlackFideId "13402935"]
[WhiteElo "2061"]
[BlackElo "2551"]
[Result "1/2-1/2"]
[Round "2"]
[TimeControl "180+2"]
[Date "2023.06.20"]
[WhiteClock "0:00:04"]
[BlackClock "0:00:05"]
[Board "22"]

1. d4 Nf6 2. Nf3 d5 3. c4 e6 4. g3 Bb4+ 5. Bd2 Be7 6. Bg2 O-O 7. O-O Nbd7 8. Qc2 c6 9. Bf4 b6 10. cxd5 cxd5 11. Bc7 Qe8 12. Rc1 Bb7 13. Nc3 Rc8 14. Nb5 a6 15. Na7 Ra8 16. Nc6 Rc8 17. Nxe7+ Qxe7 18. Qb3 b5 19. Ba5 Rc4 20. e3 Rfc8 21. Qd1 Ne4 22. Bf1 h6 23. a3 Qf6 24. Be2 Qf5 25. b3 Rxc1 26. Rxc1 Ndf6 27. Rxc8+ Bxc8 28. Be1 Bd7 29. Ne5 h5 30. Nxd7 Nxd7 31. Bxh5 Ndf6 32. Be2 g5 33. f3 Nd6 34. Kg2 Qh7 35. g4 Nfe8 36. Bd3 Qg7 37. Bg3 f6 38. Qc2 Qd7 39. a4 Kg7 40. axb5 Nxb5 41. Qc5 Ned6 42. h4 gxh4 43. Bxh4 f5 44. Bg3 fxg4 45. Be5+ Kg8 46. fxg4 Nf7 47. Bxb5 axb5 48. Qc7 Qxc7 49. Bxc7 Kh7 50. Kf3 Kg6 51. Kf4 Kf6 52. Be5+ Kg6 53. Bc7 Kf6 54. e4 dxe4 55. Kxe4 Kg5 56. Kf3 Kf6 57. Kf4 Ke7 58. Be5 Nd8 59. g5 Kf7 60. Ke4 Nc6 61. d5 exd5+ 62. Kxd5 Na5 63. b4 Nc4 64. Bd4 Kg6 65. Bf6 Na3 66. Kc5 Kf5 67. Bb2 Nc2 68. Bc1 Ne1 69. Kxb5 Nd3 70. Bd2 Ke6 71. Kc4 Ne5+ 72. Kc5 Kd7 73. b5 Kc8 74. b6 Kb7 75. Be3 Ng4 76. Bd2 Ne5 77. Kd5 Nf3 78. g6 Nh4 79. g7 Nf5 80. Bc3 Nxg7 81. Bxg7 Kxb6 1/2-1/2


[Site "https://www.chess.com"]

[Event "Titled Tuesday Blitz June 20 Late 2023"]
[White "Eljanov, Pavel"]
[Black "Vlassov, Nikolai"]
[WhiteFideId "14102951"]
[BlackFideId "4103360"]
[WhiteElo "2598"]
[BlackElo "2324"]
[Result "1-0"]
[Round "2"]
[TimeControl "180+2"]
[Date "2023.06.20"]
[WhiteClock "0:00:51"]
[BlackClock "0:00:31"]
[Board "23"]

1. d4 Nf6 2. c4 Nc6 3. Nc3 e5 4. d5 Ne7 5. g3 Ng6 6. h4 Bc5 7. h5 Ne7 8. h6 g6 9. Bg5 Ng4 10. e3 d6 11. Bh3 f6 12. Bxg4 fxg5 13. Ne4 Bb4+ 14. Kf1 Bxg4 15. Qxg4 Nf5 16. Nxg5 O-O 17. Kg2 Qf6 18. N1h3 a5 19. Ne4 Qe7 20. Nhg5 c6 21. a3 Bc5 22. Ne6 Bxe3 23. Nxf8 Rxf8 24. Rae1 Bd4 25. Re2 cxd5 26. cxd5 Qf7 27. Ng5 Qxd5+ 28. Qe4 Qxe4+ 29. Nxe4 d5 30. Ng5 Rc8 31. g4 Nd6 32. Nf3 Ne4 33. Nxd4 exd4 34. Rd1 Rc4 35. f3 Nc5 36. Re7 d3 37. Rg7+ Kh8 38. Re1 Rc2+ 39. Kg3 Re2 40. Rxe2 dxe2 41. Kf2 1-0


[Site "https://www.chess.com"]

[Event "Titled Tuesday Blitz June 20 Late 2023"]
[White "ArtemDyachuk"]
[Black "Zhigalko, Sergei"]
[BlackFideId "13502956"]
[WhiteElo "2609"]
[BlackElo "2626"]
[Result "0-1"]
[Round "2"]
[TimeControl "180+2"]
[Date "2023.06.20"]
[WhiteClock "0:00:00"]
[BlackClock "0:00:32"]
[Board "24"]

1. e4 c5 2. Nf3 Nc6 3. Bb5 Nf6 4. Nc3 Qc7 5. O-O Nd4 6. Re1 a6 7. Bf1 Ng4 8. e5 h5 9. Nxd4 cxd4 10. Nd5 Qc6 11. Nb4 Qc7 12. Nd5 Qc5 13. c4 dxc3 14. Qf3 e6 15. Nxc3 d6 16. exd6 Bxd6 17. g3 Be7 18. d4 Qxd4 19. Bf4 O-O 20. h3 Nf6 21. Be5 Qb4 22. a3 Qb3 23. Rad1 Bd7 24. Bxf6 Bc6 25. Qxh5 Bxf6 26. Bg2 Bxc3 27. Re3 Qxb2 28. Bxc6 bxc6 29. Re4 Bf6 30. Rdd4 Bxd4 31. Rh4 Qxf2+ 0-1


[Site "https://www.chess.com"]

[Event "Titled Tuesday Blitz June 20 Late 2023"]
[White "Steinberg, Nitzan"]
[Black "Bjelobrk, Igor"]
[WhiteFideId "2801795"]
[BlackFideId "4300726"]
[WhiteElo "2486"]
[BlackElo "2319"]
[Result "1-0"]
[Round "2"]
[TimeControl "180+2"]
[Date "2023.06.20"]
[WhiteClock "0:01:05"]
[BlackClock "0:00:05"]
[Board "25"]

1. d4 e6 2. c4 f5 3. Nc3 Nf6 4. Bf4 Bb4 5. e3 Bxc3+ 6. bxc3 b6 7. a4 Nc6 8. h3 Bb7 9. Nf3 O-O 10. Bd3 Na5 11. g4 Ne4 12. gxf5 Rxf5 13. Qc2 d5 14. cxd5 exd5 15. Rg1 Qe7 16. Ne5 Raf8 17. f3 Qh4+ 18. Kd1 Nf2+ 19. Ke2 Nxd3 20. Qxd3 Nc4 21. Rg4 Qe7 22. Rag1 Kh8 23. Kf2 Ba6 24. Qd1 Nxe5 25. Bxe5 Rxe5 26. dxe5 Qxe5 27. Rxg7 Qf5 28. Rg8+ Rxg8 29. Qd4+ 1-0


[Site "https://www.chess.com"]

[Event "Titled Tuesday Blitz June 20 Late 2023"]
[White "Subelj, Jan"]
[Black "Saric, Ivan"]
[WhiteFideId "14618583"]
[BlackFideId "14508150"]
[WhiteElo "2499"]
[BlackElo "2576"]
[Result "1/2-1/2"]
[Round "2"]
[TimeControl "180+2"]
[Date "2023.06.20"]
[WhiteClock "0:00:03"]
[BlackClock "0:00:02"]
[Board "26"]

1. e4 g6 2. d4 d6 3. Be3 Bg7 4. Qd2 Nf6 5. f3 e5 6. Bc4 exd4 7. Bxd4 Nc6 8. Bc3 O-O 9. Ne2 Ne5 10. Bb3 a6 11. O-O Qe7 12. a4 h5 13. Na3 h4 14. Nc4 Nh5 15. Ne3 Be6 16. Nd5 Bxd5 17. Bxd5 c6 18. Bb3 Rad8 19. Rae1 Kh7 20. g4 Bh6 21. Qd1 Nf4 22. Kh1 b5 23. axb5 axb5 24. Bd2 Nxe2 25. Bxh6 Ng3+ 26. hxg3 Kxh6 27. gxh4 Qxh4+ 28. Kg2 Kg7 29. Rh1 Qf6 30. Ref1 g5 31. Rh5 Rh8 32. Rfh1 Ng6 33. Rxh8 Rxh8 34. Rxh8 Kxh8 35. c3 Kg7 36. Qd4 Ne5 37. Qe3 c5 38. Bd5 b4 39. cxb4 cxb4 40. b3 Ng6 41. Kf2 Nf4 42. Qd2 Qc3 43. Qxc3+ bxc3 44. Ke3 Kf6 45. b4 Ke7 46. b5 f6 47. b6 Kd7 48. Ba8 Kc8 49. Bc6 Kb8 50. b7 Kc7 51. Ba4 Kxb7 52. Kd4 Kb6 53. Kxc3 Kc5 54. Bb3 Ng6 55. Kd3 Ne5+ 56. Ke3 Kb4 57. Be6 Kc3 58. f4 Nc4+ 59. Kf3 Nd2+ 60. Ke3 Nf1+ 61. Kf2 Nd2 62. Ke3 Nf1+ 63. Kf2 Nd2 64. Ke3 1/2-1/2


[Site "https://www.chess.com"]

[Event "Titled Tuesday Blitz June 20 Late 2023"]
[White "Tari, Aryan"]
[Black "Moral Garcia, Serafin"]
[WhiteFideId "1510045"]
[BlackFideId "2201925"]
[WhiteElo "2586"]
[BlackElo "2274"]
[Result "1-0"]
[Round "2"]
[TimeControl "180+2"]
[Date "2023.06.20"]
[WhiteClock "0:00:19"]
[BlackClock "0:00:04"]
[Board "27"]

1. e4 e5 2. Nf3 Nf6 3. Nc3 Nc6 4. a3 g6 5. Bc4 Bg7 6. d3 d6 7. Ba2 O-O 8. h3 Be6 9. Bxe6 fxe6 10. O-O d5 11. Re1 d4 12. Ne2 Nh5 13. Bg5 Bf6 14. Bh6 Bg7 15. Qd2 Qf6 16. Bg5 Qf7 17. Rf1 Bf6 18. Bh6 Bg7 19. Bg5 Bf6 20. Ng3 Bxg5 21. Qxg5 Nxg3 22. fxg3 Qf6 23. Qh6 Qg7 24. Qxg7+ Kxg7 25. Ng5 Rae8 26. Rxf8 Kxf8 27. Rf1+ Kg8 28. b4 Nd8 29. h4 h6 30. Nf3 Nf7 31. Nd2 Kg7 32. Nc4 Rd8 33. b5 Rf8 34. a4 Rd8 35. Kf2 Ra8 36. Ke2 a6 37. b6 cxb6 38. Nxb6 Rd8 39. Rb1 Nd6 40. a5 Rf8 41. Nd7 Rf7 42. Nxe5 Rc7 43. Kd2 Kf6 44. Ng4+ Kg7 45. Rf1 Nb5 46. Ne5 Na3 47. Rc1 Rc5 48. Nf3 e5 49. c3 dxc3+ 50. Rxc3 Rxa5 51. Rc7+ Kf6 52. Rxb7 Nb5 53. Rb6+ Ke7 54. Nxe5 Ra2+ 55. Ke3 Nd6 56. Nxg6+ Kd7 57. Ne5+ Kc7 58. Rc6+ 1-0


[Site "https://www.chess.com"]

[Event "Titled Tuesday Blitz June 20 Late 2023"]
[White "Domingo Nunez, Ruben"]
[Black "Lashkin, Jegor"]
[WhiteFideId "22245570"]
[BlackFideId "13907808"]
[WhiteElo "2404"]
[BlackElo "2368"]
[Result "1-0"]
[Round "2"]
[TimeControl "180+2"]
[Date "2023.06.20"]
[WhiteClock "0:00:50"]
[BlackClock "0:00:00"]
[Board "28"]

1. c4 e5 2. Nc3 Nf6 3. Nf3 Nc6 4. e4 Bb4 5. d3 d6 6. h3 O-O 7. g3 a6 8. Bg2 Bc5 9. O-O Nd4 10. Nd2 b5 11. b3 c6 12. a3 Be6 13. Kh2 Nd7 14. Nf3 h6 15. Be3 bxc4 16. dxc4 Nxf3+ 17. Qxf3 Rb8 18. Rfb1 Bd4 19. Bxd4 exd4 20. Ne2 Ne5 21. Qf4 c5 22. Qd2 f5 23. Nf4 Bd7 24. b4 g5 25. Nd3 fxe4 26. Nxe5 dxe5 27. bxc5 Bc6 28. Re1 Qf6 29. Kg1 Qe7 30. Bxe4 Bxe4 31. Rxe4 Qxc5 32. Rae1 Rbe8 33. Qe2 Rf5 34. Qh5 Re7 35. Qg6+ 1-0


[Site "https://www.chess.com"]